[Event "4NCL Div 1 2024-25"]
[Site "England"]
[Date "2025.01.26"]
[Round "4.26"]
[White "Bates, Richard A"]
[Black "Prior, Stephen C V"]
[Result "1-0"]
[Annotator "TA"]
[ECO "E16"]
[WhiteElo "2315"]
[BlackElo "2026"]
[PlyCount "155"]
[EventDate "2024.11.23"]
[EventType "team-tourn"]
[EventCountry "ENG"]
[SourceTitle "playchess.com"]
[Source "ChessBase"]
[SourceQuality "1"]
[TimeControl "40/6000+30:3000+30"]

1. d4 Nf6 2. Nf3 e6 3. c4 b6 4. g3 Bb7 5. Bg2 Bb4+ 6. Bd2 Bxd2+ 7. Qxd2 O-O 8. O-O d5 9. cxd5 exd5 10. Nc3 Nbd7 {[%emt 0:02:30] E16: Queen's Indian: 4 g3 Bb7 5 Bg2 Bb4+.} 11. Rac1 c6 12. Qf4 Re8 {[%emt 0:05:27] The position is equal.} 13. Rfd1 Qe7 14. e3 $146 (14. Nh4 g6 15. Bh3 Nf8 16. Nf3 Rad8 17. Qe5 Ne6 18. Bxe6 fxe6 19. Qg5 c5 20. e3 {0-1 Webb,L (2184)-Eggleston,D (2356) British OTB-ch 2021 (5)}) 14... Nf8 15. Ne5 Ng6 16. Nxg6 hxg6 17. h4 {[%emt 0:02:12][%cal Oc3d5] With the idea Nxd5!.} Qb4 18. b3 Re7 19. Bf3 Rae8 20. Kg2 Bc8 21. g4 {[%emt 0:04:36][%cal Bg3g4,Bg4g5][%mdl 32] Dodges Nh5} Ne4 (21... Qa3 $11 {remains equal.}) 22. Nxe4 dxe4 23. Be2 Bd7 24. g5 Qa5 25. Rc2 Qf5 26. Qxf5 {[%emt 0:01:13] Successful Defense White} gxf5 27. Kg3 g6 28. b4 c5 29. b5 (29. bxc5 Ba4 30. Rc4 Bxd1 31. Bxd1 bxc5 32. Rxc5 Kh7 $15) 29... cxd4 30. Rxd4 Be6 31. Rd6 Kg7 32. a3 Kf8 33. Kf4 Kg7 34. Rcc6 Rh8 35. Kg3 Rhe8 (35... Rb7 $14 {is more appropriate.}) 36. a4 Bb3 37. Rd4 Be6 38. Bc4 {[%emt 0:02:01] White is more active.} Bxc4 39. Rcxc4 $16 {[%emt 0:04:25][%mdl 4096] Endgame KRR-KRR} Rb7 40. Rc6 Rh8 41. Rdc4 Rd7 42. Rc7 Rhd8 43. Rxd7 Rxd7 $14 {[%emt 0:00:05] KR-KR} 44. Rc8 Re7 45. Kf4 Rd7 46. Rc2 a6 $2 47. Rc6 $1 $18 (47. bxa6 Ra7 $11) 47... axb5 48. axb5 (48. Rxb6 bxa4 49. Ra6 Rd1 $11 (49... Rd2 50. Kg3 $11)) 48... Rd2 {[%emt 0:05:51] [#]} 49. Kg3 (49. Rxb6 Rxf2+ 50. Ke5 Re2 $11) 49... f4+ $2 (49... Kf8 50. Rxb6 Rb2) 50. Kxf4 Rxf2+ 51. Kxe4 Rh2 52. Rxb6 Rxh4+ 53. Kf3 $2 (53. Kd5 $18 Rg4 54. Rd6) 53... Rh5 $2 {[%emt 0:00:37][%mdl 8192] [#]} (53... Rh3+ $16 {is tougher.} 54. Ke4 Rh5) 54. Kg4 $1 Rh1 55. Rd6 (55. Rb8 $18) 55... Rb1 $16 56. b6 Rb4+ $2 {[%emt 0:00:22] This move loses the game for Black.} (56... Kf8 $16 57. e4 Ke7) 57. Kf3 $18 Rb5 58. Kf4 Rf5+ 59. Kg4 ({Not} 59. Ke4 Rxg5 60. Kd4 Rb5 $16) 59... Rb5 60. e4 Rb4 (60... Kf8 $142 61. Rd8+ Ke7) 61. Kf4 Rb5 62. e5 Rb4+ 63. Ke3 Kf8 64. Kd3 Ke7 65. Kc3 Rb5 66. Kd4 Ra5 67. Rc6 {[%emt 0:01:15] Black must now prevent Kc4.} Rb5 68. Kc4 {[%emt 0:00:24] White mates.} Rb1 69. Rd6 Re1 70. Kd5 Rd1+ 71. Kc6 Rc1+ 72. Kb5 Rb1+ 73. Ka6 Ra1+ 74. Kb7 Rc1 75. Rc6 Rd1 76. Ka7 Ra1+ 77. Kb8 Ra5 78. Kc7 {[%emt 0:00:43] Weighted Error Value: White=0.31/Black=0.78  Loses game:     	---       	Black=3      Missed win:     	White=1     	---        Mistake:       	---       	Black=3      Inaccurate:     	White=7     	Black=6      OK:         	White=15    	Black=19     Best:        	White=2     	Black=1      Strong:       	White=1     	---} 1-0

[Event "4NCL Div 1 2024-25"]
[Site "England"]
[Date "2025.01.26"]
[Round "4.27"]
[White "Birtwistle, Nigel"]
[Black "Ledger, Andrew J"]
[Result "0-1"]
[Annotator "TA"]
[ECO "A46"]
[WhiteElo "2041"]
[BlackElo "2328"]
[PlyCount "88"]
[EventDate "2024.11.23"]
[EventType "team-tourn"]
[EventCountry "ENG"]
[SourceTitle "playchess.com"]
[Source "ChessBase"]
[SourceQuality "1"]
[TimeControl "40/6000+30:3000+30"]

1. d4 Nf6 2. Nf3 e6 3. g3 b5 4. Bg2 Bb7 5. O-O c5 6. a4 b4 7. c4 Na6 {[%emt 0:11:34][%cal Bb8a6,Ba6c7,Bc7e6][%mdl 32] [#]} 8. d5 $1 exd5 9. Nh4 Nc7 {[%emt 0:19:35] White has an edge.} 10. cxd5 Nfxd5 11. e4 Nb6 12. Nf5 (12. a5 $14 Nc8 13. Nd2) 12... Ne6 13. a5 {[%emt 0:03:03][%mdl 1024] White has compensation.} Nc8 (13... Nc4 $14 {feels stronger.}) 14. b3 $16 Be7 15. Bb2 O-O {[%emt 0:00:07] [#]} 16. Qg4 (16. Nd2 $1 $16) 16... f6 $1 $14 17. Rd1 {[%emt 0:02:03][%cal Of5g7] Inhibits Nd6. Nxg7! is the strong threat.} Qe8 $1 18. Bf1 g6 19. Bb5 h5 20. Nxe7+ Nxe7 21. Qe2 Bc6 (21... Rd8 $11 {deserves consideration.}) 22. Nd2 (22. Bc4 $1 $14) 22... Bxb5 $11 23. Qxb5 Nc6 24. Qc4 Qf7 25. f4 Rae8 26. Qd5 Ned4 {[%emt 0:00:00] Black wants to play ...Ne2+.} 27. Qxc5 Nxb3 28. Nxb3 Qxb3 29. Rab1 (29. Qd5+ $1 $11 Qxd5 30. exd5) 29... Rxe4 30. Rxd7 Qc4 (30... Qe6 {is more complex.} 31. Rd6 Re1+ 32. Rxe1 Qxe1+ 33. Kg2 Qe2+) 31. Qxc4+ Rxc4 32. a6 Re8 (32... Rc2 $15) 33. Bxf6 Re2 34. Rbd1 (34. Rb7 $11) 34... Rcc2 $17 35. Bd4 $2 {[%emt 0:00:23][%mdl 8192] This move loses the game for White.} (35. Rb7 $17) 35... Nxd4 $19 (35... Rxh2 36. Bxa7 Nxa7 37. Rxa7 Rcg2+ 38. Kf1 Rf2+ (38... Rxg3 39. Rd8#) 39. Ke1 Re2+ 40. Kf1 Ref2+ 41. Ke1 Re2+ 42. Kf1 Rhf2+ 43. Kg1 Rg2+ 44. Kf1 Rgf2+ 45. Kg1 Rg2+ 46. Kh1 Rh2+ 47. Kg1 Reg2+ 48. Kf1 Rf2+ $11 (48... Rxg3 49. Rd8#)) 36. R7xd4 {[%emt 0:00:06][%mdl 4096] Endgame. KRR-KRR} b3 (36... Rxh2 37. Rxb4 Rcg2+ 38. Kf1 $11) 37. Rd8+ Kf7 {[%emt 0:00:05][%cal Ob3b2] ...b2! would now be deadly.} 38. R8d7+ Ke6 {[%emt 0:00:27] White must now prevent ...b2.} 39. f5+ Kxf5 40. Rxa7 Rg2+ 41. Kh1 Rxh2+ 42. Kg1 Rcg2+ 43. Kf1 Ra2 (43... Rxg3 44. Rf7+ Kg4 45. a7 $19) 44. Kg1 Rhc2 {[%emt 0:04:29] Weighted Error Value: White=0.59/Black=0.26 (precise) .  Loses game:     	White=1     	---        Mistake:       	White=5     	Black=3      Inaccurate:     	White=1     	Black=2      OK:         	White=10    	Black=4      Best:        	White=3     	Black=4      Strong:       	---       	Black=2} (44... Kg4 $142 45. Rd3 Rhg2+ 46. Kf1 Kh3 (46... Rxg3 $2 47. Rxg3+ Kxg3 48. Rb7 $19) 47. Rad7 Kh2 (47... Rxg3 $2 48. a7 $19) (47... Ra1+ {is a self mate.} 48. Rd1 b2 49. Ke1 b1=Q 50. Rxb1 Rxb1+ 51. Rd1 Rbb2 52. Kf1 Kh2 53. Rd2 Rb1+ 54. Rd1 Rxd1#) 48. Rd2 Rgxd2 (48... Raxd2 {gets mated.} 49. Rxd2 Rxd2 50. g4 b2 51. Ke1 Rc2 52. gxh5 b1=Q#) 49. Ke1 Rxd7 50. g4 Rd3 (50... Rxa6 $2 {leads to mate.} 51. Kf2 Re6 52. gxh5 Rf7#) (50... b2 51. Ke2 b1=Q+ 52. Ke3 Kg3 53. gxh5 Qe1#) 51. gxh5 b2 52. hxg6 b1=Q#) 0-1

[Event "4NCL Div 1 2024-25"]
[Site "England"]
[Date "2025.01.26"]
[Round "4.28"]
[White "Ansell, Simon T"]
[Black "Lentzos, Ioanis"]
[Result "1-0"]
[Annotator "TA"]
[ECO "B12"]
[WhiteElo "2323"]
[BlackElo "2126"]
[PlyCount "121"]
[EventDate "2024.11.23"]
[EventType "team-tourn"]
[EventCountry "ENG"]
[SourceTitle "playchess.com"]
[Source "ChessBase"]
[SourceQuality "1"]
[TimeControl "40/6000+30:3000+30"]

1. e4 c6 2. d4 d5 3. e5 Bf5 4. Nd2 e6 5. Nb3 a6 6. Nf3 {[%emt 0:06:10] B12: Caro-Kann: Advance Variation.} c5 7. dxc5 Bxc5 8. Bd3 $146 {[%emt 0:15:06] [#] The position is equal.} (8. Nxc5 Qa5+ 9. c3 Qxc5 10. Nd4 Ne7 11. Be2 O-O 12. Be3 Qc7 13. f4 Be4 14. O-O {0-1 Pichot,A (2644)-Nihal,S (2693) Titled Tuesday intern op 06th Feb Late blitz 2024 (6)}) 8... Ne7 9. O-O (9. Bg5 Bxd3) 9... Nd7 10. Bg5 Bg4 11. Re1 Qc7 12. Nxc5 Qxc5 (12... Nxc5 13. Bxe7 Qxe7 14. c3 Bxf3 15. Qxf3 Nxd3 16. Qxd3 O-O) 13. Bxe7 Kxe7 14. h3 Bh5 15. g4 Bg6 16. Qd2 Rhc8 17. Qf4 Ke8 18. Re3 Rc7 (18... Bxd3 $11 19. cxd3 Nf8) 19. h4 (19. Bxg6 $1 $14 hxg6 20. Rc3) 19... Rac8 (19... Bxd3 $11 20. cxd3 Qc2) 20. Rae1 (20. Bxg6 {simplifies} hxg6 21. c3 Qe7 22. Kg2) 20... Nf8 21. h5 Bxd3 22. cxd3 Qa5 23. a3 Rc1 (23... Rc2 $11) 24. Kg2 (24. Rxc1 $16 Rxc1+ 25. Kg2) 24... Rxe1 $11 25. Rxe1 Rc2 26. Rc1 Rxc1 27. Qxc1 $14 {[%emt 0:01:32][%mdl 4096] Endgame KQN-KQN} Qb5 28. Qc3 Qc6 29. Qb4 Nd7 30. Qf4 Qc7 (30... Nc5 $1 $11) 31. Qg5 $16 Kf8 32. h6 g6 (32... gxh6 $14 {might be stronger.} 33. Qxh6+ Ke7) 33. d4 (33. Qf4 {with more complications.} Kg8 34. Ng5 f6 35. Qb4) 33... Ke8 $2 {[%emt 0:00:21] [#]} (33... Qc8 $16 34. Qd2 Kg8) 34. Qd2 $2 (34. Qe3 $1 $18) 34... f6 35. exf6 Nxf6 36. Ne5 Qe7 37. Qc2 Kd8 {[%emt 0:00:07] Prevents Qc8+.} 38. f3 Nd7 39. Qe2 $36 {[%emt 0:00:59][%mdl 2048] White is more active.} Qh4 40. Qe3 Qf6 {[%emt 0:01:48] [#] Dodges Nf7+} 41. Qg5 $1 Qxg5 42. Nf7+ Kc7 (42... Ke7 $14 43. Nxg5 Nf6) 43. Nxg5 $18 {[%emt 0:00:07] KN-KN} Nf8 44. Kg3 Kd6 45. Kf4 ({White should try} 45. a4 $18) 45... Ke7 $16 {[%emt 0:03:28] [#]} 46. Ke3 (46. a4 $142 $1) 46... Kd6 (46... b5 $142) 47. f4 Kc6 $2 (47... Ke7 $16) 48. Nf7 (48. f5 $142 {[%cal Og5h7] Nxh7! would now be deadly.} gxf5 (48... exf5 $2 {perishes.} 49. gxf5 gxf5 50. Kf4 $18) 49. gxf5) 48... Kb5 $18 49. Kd3 (49. b3 $142) 49... Ka4 {[%emt 0:00:22] White must now prevent ...Kb3.} 50. Kc3 b5 $2 (50... a5 $16 51. Nd6 b6) 51. Ne5 a5 $2 (51... Ka5 52. b4+ Kb6) 52. Nd3 Nd7 53. g5 b4+ 54. axb4 axb4+ 55. Nxb4 Kb5 56. Nd3 Ka4 57. Nf2 Kb5 58. Ng4 Nf8 59. Ne5 {[%emt 0:00:31] White mates.} Ka4 60. b4 Kb5 61. Kb3 {[%emt 0:00:11] Weighted Error Value: White=0.36/Black=0.68  Loses game:     	---       	Black=3      Missed win:     	White=1     	---        Mistake:       	White=6     	Black=8      Inaccurate:     	White=9     	Black=2      OK:         	White=12    	Black=15     Best:        	White=5     	Black=1} 1-0

[Event "4NCL Div 1 2024-25"]
[Site "England"]
[Date "2025.01.26"]
[Round "4.29"]
[White "Dobrolyubov, Alexandr K"]
[Black "Duncan, Chris R"]
[Result "1/2-1/2"]
[Annotator "TA"]
[ECO "B30"]
[WhiteElo "1951"]
[BlackElo "2167"]
[PlyCount "46"]
[EventDate "2024.11.23"]
[EventType "team-tourn"]
[EventCountry "ENG"]
[SourceTitle "playchess.com"]
[Source "ChessBase"]
[SourceQuality "1"]
[TimeControl "40/6000+30:3000+30"]

1. e4 c5 2. Nc3 Nc6 3. Bb5 Nd4 4. Nf3 e6 5. O-O a6 6. Bd3 Nc6 {[%emt 0:00:40] B30: Sicilian: 2...Nc6 3 Bb5, lines without ...g6.} 7. Re1 (7. b3 $142) 7... g5 $1 $11 {[%emt 0:00:07] and ...g4 should not be overlooked} 8. Kh1 Bg7 {[%emt 0:00:53] Black is slightly better. was the old line (8...g4).} 9. Bf1 h6 (9... g4 $5 10. Ng1 $8 Nge7 $15) 10. d3 Nge7 11. Ne2 d5 12. c3 b6 $146 (12... dxe4 13. dxe4 Qxd1 14. Rxd1 b6 15. Ng3 Rg8 16. Nd2 Ne5 17. Nc4 Nxc4 18. Bxc4 Bb7 {0-1 Tseitlin,M (2472)-Avrukh,B (2595) ISR-ch Tel Aviv 2002 (2)}) 13. h3 Bb7 14. Ng3 dxe4 15. dxe4 Qxd1 16. Rxd1 O-O 17. Rd7 Rab8 18. h4 gxh4 19. Nxh4 Rfd8 20. Rxd8+ Rxd8 21. Be2 {[%emt 0:01:10] Prevents Rd1+.} Ng6 22. Nxg6 fxg6 23. Be3 Kf7 {[%emt 0:01:02] Weighted Error Value: White=0.11 (very precise) /Black=0.11 (very precise)   Mistake:       	White=1     	---        Inaccurate:     	White=3     	Black=2      OK:         	White=4     	Black=2      Strong:       	---       	Black=1} 1/2-1/2

[Event "4NCL Div 1 2024-25"]
[Site "England"]
[Date "2025.01.26"]
[Round "4.30"]
[White "Ledger, Dave J"]
[Black "Foisor, Mihaela-Veronica"]
[Result "1/2-1/2"]
[Annotator "TA"]
[ECO "C11"]
[WhiteElo "2191"]
[BlackElo "2156"]
[PlyCount "52"]
[EventDate "2024.11.23"]
[EventType "team-tourn"]
[EventCountry "ENG"]
[SourceTitle "playchess.com"]
[Source "ChessBase"]
[SourceQuality "1"]
[TimeControl "40/6000+30:3000+30"]

1. e4 e6 2. d4 d5 3. Nc3 Nf6 4. e5 Nfd7 5. f4 c5 6. Nf3 Nc6 7. Be3 a6 8. Qd2 b5 9. Bd3 Qb6 {[%emt 0:00:33] C11: French: Classical System: 4 e5 and 4 Bg5 dxe4.} 10. dxc5 Bxc5 11. Nd1 a5 $146 {[%emt 0:06:32] Black has an edge.} (11... Bb7 12. O-O Rc8 13. Kh1 b4 14. Bxc5 Nxc5 15. Ne3 a5 16. f5 Ne4 17. Qe1 Ba6 18. fxe6 fxe6 {1-0 Kamsky,G (2623)-Mekhitarian,K (2554) Titled Tuesday intern op 16th Jan Late blitz 2024 (4)}) 12. a3 Ba6 13. c3 Bxe3 (13... b4 $15 14. axb4 axb4) 14. Qxe3 $11 Qxe3+ 15. Nxe3 Nc5 16. Bc2 b4 17. axb4 axb4 18. Nd4 Kd7 19. Nxc6 Kxc6 20. cxb4 Nd3+ 21. Bxd3 Bxd3 22. Kd2 Be4 23. Rhc1+ Kb6 24. g3 Rxa1 25. Rxa1 Rc8 26. b3 Rc7 {[%emt 0:00:00] Weighted Error Value: White=0.11 (very precise) /Black=0.11 (very precise)   Mistake:       	---       	Black=1      Inaccurate:     	White=2     	---        OK:         	White=6     	Black=8      Best:        	White=1     	---} 1/2-1/2

[Event "4NCL Div 1 2024-25"]
[Site "England"]
[Date "2025.01.26"]
[Round "4.31"]
[White "Milson, Samuel A"]
[Black "Varney, Zoe"]
[Result "1/2-1/2"]
[Annotator "TA"]
[ECO "C77"]
[WhiteElo "2069"]
[BlackElo "1996"]
[PlyCount "78"]
[EventDate "2024.11.23"]
[EventType "team-tourn"]
[EventCountry "ENG"]
[SourceTitle "playchess.com"]
[Source "ChessBase"]
[SourceQuality "1"]
[TimeControl "40/6000+30:3000+30"]

1. e4 e5 2. Nf3 Nc6 3. Bb5 Nf6 4. d3 Bc5 5. Nc3 a6 6. Ba4 b5 7. Bb3 h6 {[%emt 0:00:06] C77: Ruy Lopez: 3...a6 4 Ba4 Nf6, unusual lines.} 8. Nd5 d6 9. Nxf6+ Qxf6 10. Bd5 Bd7 11. c3 Rb8 12. O-O Bb6 13. Be3 Ne7 14. Ne1 $146 (14. Bxb6 Rxb6 15. d4 Ng6 16. Qd2 Nf4 17. dxe5 dxe5 18. Bxf7+ Ke7 19. Bb3 Bh3 20. Ne1 Bxg2 {0-1 Olszewski,A (1681)-Celinski,K (1820) Warsaw Najdorf Memorial op-B 2023 (6)}) 14... Nxd5 15. exd5 O-O 16. Qd2 Rfe8 17. Nc2 Qg6 18. Bxb6 Rxb6 19. f4 Rbb8 20. Rad1 exf4 (20... a5 {simplifies} 21. b3 exf4 22. Rxf4 Re5) 21. Qxf4 (21. Rxf4 $15 Re5 22. Re1) 21... Re2 $17 {[%emt 0:01:52][%csl Ge2,LRc2,LRg2][%cal Rg6g2] [#] Black attacks} 22. Rf2 Rbe8 {[%emt 0:00:35][%cal Od7f5] Black plays in the center} 23. Rd2 Qh5 (23... R2e5 $17 24. c4 Kh7) 24. Rdxe2 Rxe2 25. Ne3 f6 (25... Re1+ $17 26. Rf1 Re2) 26. h3 (26. Kf1 $1 $11 {remains equal.} Rxf2+ 27. Kxf2) 26... Re1+ 27. Kh2 Qg6 28. Rd2 {[%emt 0:01:56] [#]} Bxh3 $2 {[%emt 0:00:42][%csl Og2] White has weak pawns} 29. g4 (29. Qf2 $1 $14 {was the only good move.} Rxe3 30. Qxe3) 29... Qe8 30. Nc2 Re2+ (30... Rf1 $6 31. Qg3 $14) (30... g5 $15 {keeps the upper hand.} 31. Qd4 (31. Qf3 Bxg4 32. Qxg4 f5 $17) 31... Bxg4 (31... Re2+ 32. Rxe2 Qxe2+ 33. Kxh3 $11) 32. Nxe1 (32. Qxg4 f5 $17) 32... Qxe1) 31. Kxh3 $16 g5 $2 (31... h5 {is more resistant.} 32. Rxe2 Qxe2) 32. Rxe2 $18 (32. Qxf6 $2 Rxd2 33. Nd4 Rxd3+ (33... Rxb2 34. Nf5 $11) 34. Kh2 Qe5+ 35. Qxe5 dxe5 $19) 32... Qxe2 33. Qe4 ({And not} 33. Qxf6 Qxd3+ $17 (33... Qxc2 34. Qg6+ Kf8 35. Qxh6+ Ke8 36. Qxg5 $16)) (33. Nd4 $18 Qxd3+ 34. Qf3 Qxf3+ 35. Nxf3) 33... Qxc2 $11 {[%emt 0:00:44][%mdl 4096] Endgame KQ-KQ. Black is a pawn up. The position is equal.} 34. Qg6+ Kf8 35. Qxf6+ Ke8 36. Qe6+ (36. Qxh6 $2 {is the wrong capture.} Qxd3+ 37. Kh2 Qxd5 $19) 36... Kd8 37. Qg8+ Kd7 38. Qe6+ Kd8 39. Qg8+ Kd7 {[%emt 0:00:04] Weighted Error Value: White=0.33/Black=0.42  Missed win:     	White=1     	---        Mistake:       	White=3     	Black=5      Inaccurate:     	White=3     	---        OK:         	White=13    	Black=13     Best:        	White=3     	Black=5} 1/2-1/2

[Event "4NCL Div 1 2024-25"]
[Site "England"]
[Date "2025.01.26"]
[Round "4.32"]
[White "Ledger, Stephen C"]
[Black "McCarthy, Kevin C"]
[Result "1/2-1/2"]
[Annotator "TA"]
[ECO "A01"]
[WhiteElo "2013"]
[BlackElo "1954"]
[PlyCount "38"]
[EventDate "2024.11.23"]
[EventType "team-tourn"]
[EventCountry "ENG"]
[SourceTitle "playchess.com"]
[Source "ChessBase"]
[SourceQuality "1"]
[TimeControl "40/6000+30:3000+30"]

1. b3 e5 2. Bb2 Nc6 3. e3 d5 4. Bb5 Nge7 5. Nf3 f6 6. c4 {[%emt 0:04:51] A01: Nimzowitsch-Larsen Opening.} a6 7. Bxc6+ Nxc6 8. cxd5 (8. d4 $1 $11 {keeps the balance.}) 8... Qxd5 $17 9. Nc3 Qd3 10. Qe2 $146 (10. a3 Be6 11. b4 O-O-O 12. Qb1 e4 13. Qxd3 exd3 14. O-O Bg4 15. Ne4 Bd6 16. h3 {1-0 Klukin,K (2390)-Ferey,A (2181) Titled Tuesday intern op 30th May Late blitz 2023 (1)}) 10... Nb4 11. O-O Bg4 {[%emt 0:01:50] ...Qxe2 would now be deadly.} 12. h3 Qxe2 13. Nxe2 Bxf3 14. gxf3 Nd3 15. Bc3 Ba3 16. Kg2 O-O-O 17. Rab1 Bb4 18. Rfd1 Rd7 19. Bxb4 Nxb4 {[%emt 0:00:12] Weighted Error Value: White=0.16 (very precise) /Black=0.07 (flawless)   Mistake:       	White=1     	---        Inaccurate:     	White=1     	Black=1      OK:         	White=4     	Black=5      Best:        	---       	Black=1} 1/2-1/2

[Event "4NCL Div 1 2024-25"]
[Site "England"]
[Date "2025.01.26"]
[Round "4.33"]
[White "Larkin, Vladyslav"]
[Black "Waldhausen Gordon, Frederick"]
[Result "1/2-1/2"]
[Annotator "TA"]
[ECO "A45"]
[WhiteElo "2455"]
[BlackElo "2361"]
[PlyCount "134"]
[EventDate "2024.11.23"]
[EventType "team-tourn"]
[EventCountry "ENG"]
[SourceTitle "playchess.com"]
[Source "ChessBase"]
[SourceQuality "1"]
[TimeControl "40/6000+30:3000+30"]

1. d4 Nf6 2. Bg5 g6 3. Bxf6 exf6 4. e3 Bg7 5. g3 f5 6. Bg2 d6 7. Ne2 O-O 8. O-O Re8 9. c4 Nd7 10. Nbc3 Nf6 11. Qc2 h5 {[%emt 0:02:54][%cal Oh5h4] A45: Trompowsky Attack.} 12. Nd5 Ne4 $146 (12... Ng4 13. b4 c6 14. Ndf4 h4 15. b5 hxg3 16. hxg3 Qg5 17. Bh3 Bd7 18. Qd3 Re7 19. bxc6 Bxc6 {0-1 Deshpande,A (2219)-Abhishek,K (2380) Abu Dhabi op 23rd 2016 (5)}) 13. Nec3 c6 14. Nxe4 fxe4 15. Nc3 Bf5 16. h3 (16. Nxe4 $2 d5 17. cxd5 cxd5 $19) (16. Bxe4 $2 Rxe4 17. Nxe4 d5 $19) 16... Qd7 17. Kh2 Re7 18. b4 a6 19. a4 Rc8 20. Qb3 (20. Nxe4 $2 d5 21. f3 (21. cxd5 $2 cxd5 22. Nc5 Bxc2 $19) 21... g5 $19 (21... dxe4 $2 22. fxe4 Be6 23. a5 $19)) 20... Qe6 21. Rab1 Rd7 22. a5 Bf6 23. Na4 Bd8 24. Rfc1 Qf6 25. Rc2 g5 26. Rbc1 Bg6 27. d5 c5 28. Rb1 h4 29. bxc5 hxg3+ 30. fxg3 Bxa5 31. Nb6 Bxb6 (31... Rxc5 $2 32. Nxd7 Qd8 33. Nxc5 dxc5 34. Qxb7 $18) 32. cxb6 Rc5 33. Rd2 Qe5 34. Bf1 f5 35. Qb2 Qxb2 36. Rbxb2 Kg7 37. h4 Kf6 38. hxg5+ Kxg5 39. Ra2 Rd8 (39... Rc8 $17 40. Kg1 Rh7) 40. Kg1 $15 Ra8 41. Ra3 (41. Rh2 $11) 41... Bh5 $17 42. Rda2 a5 43. Kf2 Bf3 44. Ke1 Kg4 ({Better is} 44... Ra6 $1 $17 45. Rb3 a4) 45. Rh2 $1 $11 Ra6 (45... Kxg3 46. Rh3+ Kg4 47. Rh7 $16) 46. Rh7 Rxb6 (46... Kxg3 $2 47. Rxb7 Bg4 48. Rb8 $18) 47. Rg7+ Kh5 48. Ra2 $1 Rb1+ 49. Kf2 Bg4 50. Kg1 Bh3 (50... Rxc4 51. Rh2+) (50... Kh6 $1 $11 51. Rg8 Kh7 (51... Rxc4 52. Rh2+ Bh5 53. Rh8+ Kg6 54. R8xh5 $11)) 51. Rh7+ $1 $16 Kg4 52. Rh4+ Kxg3 $2 (52... Kf3 $16 53. Rxh3 Kxe3 54. g4+ Kf4 55. gxf5 Kxf5) 53. Rxh3+ $18 Kg4 {[%emt 0:00:00][%cal Ob1f1] [#] White must now prevent ...Rxf1+!.} 54. Kh2 $1 f4 55. Rg2+ Kf5 56. Rh8 $2 fxe3 $14 (56... Rxf1 57. Rf8+ Ke5 58. Rg5#) 57. Rh5+ Kf6 $1 58. Be2 {[%emt 0:01:38] Kg3 would now be deadly.} a4 $2 (58... Rc8 $16 {was necessary.}) 59. Bg4 $2 (59. Kg3 $1 $18 Rc7 (59... a3 60. Kf4 $18) 60. Kf4) 59... a3 $2 (59... Rxc4 $2 60. Rf5+ Ke7 61. Bh5 $18) (59... Rf1 $1 $15 {stays ahead.} 60. Be2 Rf5) 60. Rf5+ $1 $18 Ke7 {[%emt 0:00:00][%cal Oc5c8] [#]} 61. Be2 $1 Rb2 {[%emt 0:00:00] [#]} (61... a2 62. Rg7+ Ke8 63. Bh5+ Kd8 64. Rf8#) 62. Rg7+ $2 ({White has to play} 62. Kh3 $1 $18 {White wants to mate with Rg7+.} Rxe2 63. Rxe2) 62... Ke8 $11 {[%emt 0:00:00] The position is equal.} 63. Rg8+ Ke7 64. Rg7+ Ke8 65. Rg8+ Ke7 66. Rg7+ Ke8 67. Rg8+ Ke7 {[%emt 0:00:00] Weighted Error Value: White=0.37/Black=0.44  Loses game:     	---       	Black=3      Missed win:     	White=2     	---        Mistake:       	White=1     	Black=3      Inaccurate:     	White=6     	Black=7      OK:         	White=14    	Black=13     Best:        	White=6     	Black=10     Strong:       	White=5     	Black=1} 1/2-1/2